Map: King's Cove LE

Players

WeAreLegion - Winner!

  • Race: Terran Terran
  • League: Gold
  • Spawn Location: 11:00

DunkandEgg

  • Race: Terran Terran
  • League: Gold
  • Spawn Location: 5:00

VOD

Have the link to the VOD?

Description

Time

  • Played on: Dec. 15, 2024, 9:45 p.m.
  • Length: 16:37
Show
View Real Time Build Order
Export as new Build Order

WeAreLegion Terran - Winner!

Build Orders: Banshee Rush 

Get SALT Encoding   

  12  0:00  SCV  
  13  0:12  SCV  
  14  0:18  Supply Depot  
  14  0:25  SCV  
  15  0:39  SCV  
  15  0:41  Barracks  
  16  0:46  Refinery  
  16  0:51  SCV  
  16  0:55  Refinery  
  17  1:04  SCV  
  18  1:16  SCV  
  19  1:28  Orbital Command  
  19  1:29  Reaper  
  20  1:43  Supply Depot  
  20  1:49  Factory  
  20  1:55  SCV  
  21  2:05  Marine  
  21  2:07  SCV  
  22  2:19  SCV  
  23  2:34  Starport  
  23  2:40  SCV  
  24  2:44  Factory Tech Lab  
  24  2:51  Barracks Reactor  
  24  2:52  SCV  
  25  3:00  Command Center  
  25  3:05  SCV  
  26  3:17  SCV, Factory Tech Lab  
  27  3:24  Supply Depot  
  27  3:26  Banshee  
  30  3:29  SCV, Cloaking Field  
  31  3:46  SCV, Marine x2, Cyclone  
  37  3:52  Supply Depot  
  37  3:57  Supply Depot  
  37  3:58  SCV  
  38  4:10  SCV  
  38  4:13  Orbital Command  
  38  4:17  Banshee  
  42  4:27  Siege Tank  
  42  4:29  SCV  
  46  4:32  Marine  
  46  4:34  Marine  
  48  4:40  Supply Depot  
  48  4:51  SCV x2, Barracks  
  50  5:03  Supply Depot, SCV x2  
  52  5:10  Supply Depot  
  52  5:13  Marine  
  53  5:15  SCV x2  
  55  5:22  Refinery  
  55  5:25  Barracks  
  55  5:26  Engineering Bay  
  55  5:27  SCV  
  55  5:28  SCV  
  57  5:30  Marine  
  57  5:31  Marine  
  61  5:35  Raven  
  61  5:38  Siege Tank  
  61  5:40  SCV x2  
  61  5:41  Barracks Tech Lab  
  66  5:49  Barracks  
  66  5:52  SCV  
  67  6:21  SCV x2, Marine x3  
  72  6:33  SCV x2  
  74  6:43  Marine x5  
  74  6:44  Siege Tank  
  74  6:45  SCV  
  74  6:46  Raven  
  85  7:00  Marine  
  85  7:01  Marine x3, Marauder  
  91  7:16  Siege Tank  
  91  7:18  Marine x2  
  92  7:23  Marauder, Stimpack  
  92  7:26  Barracks Tech Lab  
  92  7:28  Barracks Reactor  
  92  7:32  Supply Depot  
  92  7:34  Supply Depot  
  92  7:36  Marine x2  
  94  7:44  Marauder  
  94  7:48  Siege Tank  
  99  7:54  Marine x2  
  99  7:55  Supply Depot  
  99  7:57  Supply Depot  
  88  8:06  Marauder  
  83  8:20  Marine x2  
  83  8:21  Marine  
  83  8:22  Siege Tank  
  93  8:27  Marauder  
  91  8:36  Combat Shield  
  91  8:38  Marine x2  
  91  8:39  Marauder  
  97  8:48  Marauder  
  97  8:56  Marine x2  
  97  8:57  Marine  
  97  8:58  Siege Tank  
  97  9:00  Command Center x2, Marauder  
  105  9:05  Command Center  
  107  9:10  Marauder  
  107  9:14  Marine x2  
  107  9:15  Marine, Armory  
  107  9:16  Engineering Bay  
  110  9:21  Supply Depot, Marine  
  110  9:23  Supply Depot  
  111  9:31  Marine x2  
  112  9:32  Marine x2  
  115  9:40  Marauder  
  115  9:45  Supply Depot  
  117  9:49  Marine, Marauder  
  117  9:50  Supply Depot, Marine  
  117  9:51  Marauder  
  117  9:52  Refinery  
  123  9:57  SCV  
  123  9:58  SCV  
  125  10:00  Marine  
  126  10:07  Marine x2  
  126  10:09  SCV  
  126  10:10  SCV, Marine  
  126  10:12  Marauder  
  133  10:16  SCV  
  133  10:19  Marauder  
  137  10:21  Planetary Fortress  
  137  10:22  SCV x2  
  137  10:25  Planetary Fortress  
  137  10:28  SCV, Marauder  
  141  10:29  Marine x2  
  141  10:33  Marine  
  141  10:34  SCV  
  145  10:36  Refinery  
  145  10:38  Refinery  
  145  10:40  Marine  
  146  10:46  SCV  
  146  10:47  SCV x2, Marine x2  
  146  10:49  Marauder  
  153  10:51  Marauder  
  155  10:58  Marauder  
  155  10:59  SCV x3  
  160  11:05  Marine x2  
  160  11:08  Medivac  
  160  11:09  Medivac  
  160  11:11  SCV x3, Marauder  
  171  11:12  Marine  
  172  11:19  Marauder  
  172  11:23  Marine  
  172  11:24  Starport  
  175  11:27  Factory  
  175  11:31  Marauder  
  175  11:32  Marauder  
  179  11:38  Medivac  
  179  11:39  Orbital Command  
  181  11:40  Marine  
  182  11:51  SCV x3  
  182  11:52  SCV, Refinery, Marauder  
  182  11:53  Marine, Refinery  
  189  11:58  Marine  
  190  12:03  SCV x2  
  190  12:04  Starport Tech Lab  
  192  12:09  Terran Vehicle Weapons Level 1  
  192  12:11  Terran Infantry Armor Level 1, Marauder  
  192  12:12  Terran Infantry Weapons Level 1, Marine  
  192  12:13  Marine, Marauder  
  198  12:16  Marine  
  198  12:18  Refinery  
  198  12:21  Refinery  
  199  12:31  Marine  
  200  12:48  Interference Matrix  
  162  13:47  Marine  
  161  13:56  Viking x3  
  167  14:03  Marine  
  167  14:04  Marine x2  
  168  14:26  Viking x2  
  138  15:28  Marine x5  
  133  15:29  Siege Tank  
  133  15:30  Viking x3  
  136  15:46  Marauder  
  136  15:47  Marauder x2  
  121  16:00  Medivac x2, Viking  
  121  16:02  Siege Tank  
  126  16:08  Marauder  
Show
View Real Time Build Order
Export as new Build Order

DunkandEgg Terran 

Build Orders:  

Get SALT Encoding   

  12  0:00  SCV  
  13  0:12  SCV  
  14  0:19  Supply Depot  
  14  0:24  SCV  
  15  0:41  SCV  
  16  0:42  Barracks  
  16  0:52  Refinery  
  16  0:53  SCV  
  17  1:05  SCV  
  18  1:17  SCV  
  19  1:30  Orbital Command, Marine  
  20  1:45  Command Center  
  20  1:59  Supply Depot  
  20  2:06  Barracks Reactor  
  20  2:09  SCV  
  21  2:18  Factory  
  21  2:21  SCV  
  22  2:27  Barracks  
  22  2:42  SCV  
  23  2:45  Supply Depot  
  23  2:51  Refinery  
  23  2:54  SCV  
  24  3:01  Marine  
  24  3:02  Marine  
  24  3:05  Factory Tech Lab  
  26  3:06  SCV  
  26  3:09  Supply Depot  
  27  3:18  Orbital Command  
  27  3:19  Marine  
  28  3:20  SCV  
  28  3:26  Barracks Tech Lab  
  29  3:32  SCV  
  30  3:35  Starport  
  30  3:41  Siege Tank  
  30  3:44  SCV  
  34  3:54  SCV, Barracks  
  35  3:57  SCV  
  36  4:06  Supply Depot, SCV  
  36  4:09  SCV  
  38  4:36  SCV x2  
  40  4:39  Refinery  
  40  4:40  Refinery  
  40  4:47  Starport Reactor, Barracks Reactor  
  40  4:52  Supply Depot  
  40  4:59  Engineering Bay  
  40  5:03  Siege Tank  
  40  5:05  Marine  
  40  5:06  Marine x2  
  46  5:11  SCV x2  
  48  5:15  Supply Depot  
  48  5:23  SCV x2, Marine  
  48  5:24  Marine x2  
  48  5:25  Medivac x2  
  48  5:27  Marine  
  58  5:31  Terran Infantry Weapons Level 1  
  58  5:35  SCV x2  
  60  5:39  Supply Depot  
  60  5:41  Marine  
  61  5:45  Missile Turret  
  61  5:48  Missile Turret  
  61  5:56  Siege Tank  
  63  6:02  Supply Depot  
  57  6:19  Missile Turret  
  54  6:26  Marine x5  
  53  6:43  Marine  
  53  6:44  Marine x3  
  49  7:00  Marine  
  45  7:01  Marine  
  45  7:02  Marine x3  
  47  7:18  Marine  
  47  7:19  Marine  
  47  7:20  Marine x2  
  51  7:26  SCV  
  52  7:30  SCV  
  53  7:38  SCV  
  53  7:42  SCV  
  55  7:50  SCV, Missile Turret  
  56  7:54  SCV  
  54  8:02  SCV  
  50  8:14  SCV  
  50  8:16  Stimpack  
  50  8:19  Terran Infantry Armor Level 1  
  51  8:26  SCV  
  52  8:29  Supply Depot  
  52  8:38  SCV  
  53  8:43  SCV, Armory  
  54  8:49  Viking x2  
  54  8:50  SCV  
  54  8:53  Supply Depot  
  59  8:55  SCV  
  59  8:59  Barracks  
  60  9:04  Barracks  
  60  9:08  SCV  
  61  9:14  SCV  
  62  9:20  SCV  
  63  9:26  SCV  
  63  9:27  Command Center  
  64  9:32  SCV  
  64  9:35  Engineering Bay  
  65  9:45  Marine  
  66  9:46  Marine x5  
  66  9:47  Siege Tank  
  66  9:49  Medivac x2  
  78  10:00  Terran Vehicle Weapons Level 1  
  78  10:03  Marine x5  
  78  10:04  Marine  
  84  10:13  Missile Turret  
  84  10:19  Siege Tank, Viking x2  
  84  10:21  Marine x6  
  97  10:38  Marine  
  97  10:39  Marine x2  
  100  10:50  Barracks Tech Lab  
  100  10:51  Barracks Reactor  
  100  10:53  Combat Shield  
  100  10:56  Terran Infantry Weapons Level 2  
  100  10:58  Terran Infantry Armor Level 2  
  100  11:08  Viking x2  
  107  11:11  Siege Tank  
  107  11:13  Marauder  
  107  11:14  Marine, Marauder  
  107  11:15  Marine x3  
  115  11:28  SCV  
  115  11:32  Marine x2  
  117  11:33  Marine x2  
  117  11:35  Marauder x2  
  117  11:38  Viking x2  
  128  11:40  SCV  
  128  11:41  Orbital Command  
  129  11:50  Marine x2, Missile Turret  
  129  11:51  Armory  
  131  11:55  Fusion Core  
  131  11:56  Concussive Shells  
  131  11:59  Supply Depot  
  131  12:09  Command Center  
  131  12:19  Terran Ship Weapons Level 1  
  131  12:21  Supply Depot  
  131  12:35  SCV x3  
  134  12:45  Supply Depot, Terran Vehicle And Ship Armor Level 1  
  134  12:47  SCV x3  
  137  12:59  SCV x2  
  139  13:09  Supply Depot  
  100  14:03  Marauder x2  
  100  14:04  Marine x2  
  100  14:05  Marine x4  
  100  14:06  Liberator x2  
  116  14:22  Marine x2  
  116  14:23  Marine x4  
  122  14:24  Marauder  
  122  14:25  Marauder  
  126  14:36  Siege Tank  
  129  14:40  Marine  
  127  14:46  Marauder x2  
  127  14:49  Medivac x2  
  115  15:07  Marauder  
  115  15:08  Marauder  
  115  15:09  Siege Tank  
  93  15:28  Marauder  
  92  15:38  Marine  
  92  15:39  Marine x6  
  97  15:49  Marine  
  87  15:56  Marine  
  87  15:57  Marine x5  
  83  16:07  Marine  
  81  16:14  Marine x2  
  81  16:15  Marine  
Tags
 
League
GoldGold
Matchup
TvT
Race
Terran
Replay Pack
December
Spawn Locations
Cross Positions
Strategy
Banshee Rush
Add a new tag
Caveats
  • Supply blocks, unpowered buildings, or Contaminate may cause inaccurate times.
  • Supply counts are checked every 10 seconds.